Map: Magannatha LE

Players

SHIN

  • Race: Zerg Zerg
  • Spawn Location: 11:00

LiquidClem (Clem) - Winner!

  • Race: Terran Terran
  • League: Master
  • Spawn Location: 5:00

Event: DreamHack Dallas 2025

VOD

Have the link to the VOD?

Description

Time

  • Played on: May 24, 2025, 6:24 p.m.
  • Length: 27:28

All games in this series

Show
View Real Time Build Order
Export as new Build Order

SHIN Zerg 

Build Orders: Hatch First 

Get SALT Encoding   

  12  0:00  Drone  
  13  0:07  Drone  
  14  0:16  Overlord  
  14  0:35  Drone x2  
  16  0:45  Hatchery  
  16  0:48  Drone  
  16  0:52  Drone  
  17  0:57  Drone  
  18  1:08  Extractor  
  18  1:10  Spawning Pool  
  16  1:14  Drone  
  17  1:19  Drone  
  18  1:29  Drone  
  19  1:40  Drone  
  20  1:56  Hatchery  
  20  1:57  Zergling x4, Queen  
  23  2:04  Zergling x2  
  24  2:08  Drone  
  24  2:13  Overlord  
  25  2:18  Drone  
  26  2:23  Queen  
  28  2:31  Drone x2  
  28  2:33  Drone  
  31  2:37  Metabolic Boost  
  31  2:42  Drone  
  32  2:45  Overlord  
  32  2:54  Drone  
  32  2:55  Drone  
  32  2:57  Queen  
  36  3:04  Drone  
  37  3:05  Drone  
  37  3:06  Drone x2  
  37  3:10  Overlord  
  40  3:13  Drone  
  40  3:18  Queen  
  43  3:21  Drone  
  43  3:22  Drone  
  43  3:25  Drone  
  46  3:30  Queen  
  48  3:35  Extractor  
  48  3:38  Drone x4  
  52  3:41  Drone x2  
  52  3:46  Queen  
  56  3:50  Overlord  
  56  3:52  Drone  
  57  3:55  Overlord  
  57  4:01  Roach Warren  
  57  4:02  Zergling x2  
  57  4:04  Overlord  
  57  4:09  Zergling x2  
  59  4:10  Zergling x2, Drone  
  59  4:11  Drone x2  
  59  4:13  Drone  
  59  4:15  Drone x2  
  59  4:16  Drone  
  66  4:18  Drone  
  66  4:23  Drone, Lair  
  68  4:26  Drone  
  68  4:29  Drone x3  
  68  4:30  Drone  
  73  4:34  Drone, Overlord  
  74  4:39  Overlord x2  
  74  4:42  Spore Crawler  
  74  4:43  Spore Crawler  
  74  4:45  Drone, Spore Crawler  
  72  4:47  Drone  
  72  4:49  Overlord  
  72  4:50  Drone  
  74  4:53  Drone x2  
  74  4:54  Drone  
  74  4:55  Drone  
  74  4:56  Drone x2  
  74  4:59  Extractor  
  79  5:05  Zergling x4  
  81  5:08  Zergling x2  
  81  5:09  Extractor  
  81  5:12  Zergling x6  
  84  5:16  Drone x5, Extractor  
  84  5:17  Extractor  
  87  5:21  Evolution Chamber  
  87  5:22  Drone, Evolution Chamber  
  87  5:23  Overseer, Hatchery  
  87  5:25  Glial Reconstitution  
  87  5:26  Drone  
  87  5:27  Drone  
  87  5:29  Drone x2  
  87  5:33  Drone  
  90  5:37  Drone  
  90  5:38  Drone, Extractor  
  90  5:42  Drone  
  92  5:49  Overlord  
  92  5:50  Roach x6  
  92  5:54  Drone  
  105  5:58  Zerg Ground Armor Level 1  
  105  6:00  Drone  
  105  6:03  Overlord  
  106  6:05  Zerg Missile Weapons Level 1  
  106  6:07  Overlord x4  
  106  6:10  Roach  
  108  6:14  Infestation Pit  
  108  6:15  Roach  
  109  6:19  Roach x2  
  109  6:23  Roach  
  115  6:26  Roach  
  115  6:27  Roach x3  
  115  6:31  Roach  
  125  6:34  Roach x2  
  125  6:35  Roach x2  
  125  6:38  Drone x4  
  137  6:40  Drone  
  137  6:41  Drone  
  137  6:46  Overlord  
  139  6:50  Drone, Ravager x2, Extractor  
  139  6:51  Ravager  
  139  6:52  Zergling x4, Baneling Nest  
  143  6:58  Hive  
  143  6:59  Zergling x10  
  144  7:08  Zergling x4  
  144  7:09  Zergling x6  
  144  7:10  Overlord  
  144  7:12  Drone x6  
  154  7:18  Zergling x2  
  154  7:19  Zergling x2  
  154  7:22  Roach x2  
  154  7:31  Zergling x6  
  154  7:33  Overlord  
  154  7:36  Infestor x3  
  162  7:38  Zergling x2, Centrifugal Hooks  
  162  7:41  Drone  
  162  7:43  Zergling x6  
  167  7:45  Zergling x6  
  167  7:46  Zergling x10  
  167  7:50  Overlord  
  175  7:54  Hatchery  
  175  7:55  Baneling x4  
  175  7:56  Zergling x6, Baneling x6  
  177  7:58  Zerg Ground Armor Level 2  
  177  8:03  Overlord  
  177  8:05  Zerg Melee Weapons Level 1  
  177  8:10  Zergling x14  
  177  8:12  Spore Crawler  
  181  8:22  Zergling x2  
  181  8:23  Zergling x20  
  189  8:30  Adrenal Glands  
  189  8:31  Overlord, Ultralisk Cavern  
  189  8:33  Baneling x6  
  188  8:34  Overlord  
  187  8:41  Baneling x5  
  187  8:42  Baneling  
  187  8:52  Queen  
  184  9:05  Zergling x32  
  184  9:07  Baneling x18  
  187  9:22  Chitinous Plating  
  185  9:26  Zergling x4  
  185  9:28  Zergling x32  
  185  9:31  Zergling x4  
  199  9:38  Zergling x4  
  199  9:44  Ultralisk x2  
  199  9:45  Zergling x8  
  200  9:49  Zergling x10  
  200  9:52  Zergling x6  
  192  9:54  Zergling x2  
  192  9:55  Zergling x4  
  192  9:59  Zergling x6  
  180  10:05  Ultralisk  
  180  10:06  Zergling x6  
  178  10:13  Zergling x2, Ultralisk  
  178  10:14  Zergling x2  
  174  10:15  Drone x3  
  174  10:18  Zergling x4  
  174  10:20  Drone  
  153  10:24  Infestor x2  
  153  10:25  Drone  
  153  10:26  Overseer x2  
  153  10:28  Pneumatized Carapace  
  156  10:30  Zergling x6  
  156  10:32  Zergling x2  
  156  10:33  Zergling x4  
  156  10:34  Zergling x2  
  161  10:35  Burrow  
  161  10:38  Zergling x2  
  161  10:41  Anabolic Synthesis  
  155  10:44  Zergling x4  
  155  10:45  Zerg Melee Weapons Level 2  
  155  10:47  Zergling x4  
  159  10:55  Zergling x4, Ultralisk  
  159  10:56  Zergling x14  
  172  11:01  Zergling x2  
  172  11:02  Zergling x10  
  169  11:06  Zerg Ground Armor Level 3  
  169  11:07  Zergling x2  
  169  11:09  Baneling x2  
  169  11:10  Zergling x4  
  172  11:16  Drone x3  
  175  11:19  Extractor  
  175  11:20  Ultralisk  
  175  11:21  Zergling x4  
  175  11:22  Baneling  
  175  11:23  Baneling x2  
  182  11:26  Baneling x2  
  179  11:33  Drone x7  
  179  11:34  Spore Crawler  
  179  11:37  Baneling x9  
  182  11:44  Zergling x18  
  186  11:53  Roach x3  
  183  11:58  Zergling x10, Roach  
  188  12:01  Extractor  
  188  12:06  Spire  
  182  12:10  Zergling x6  
  182  12:13  Drone x2  
  182  12:15  Drone x2  
  185  12:22  Zergling x10  
  175  12:26  Zergling x6  
  161  12:34  Zergling x10  
  161  12:36  Roach  
  152  12:41  Drone  
  152  12:43  Drone  
  135  12:46  Drone x2  
  135  12:48  Drone  
  126  12:53  Zergling x2  
  126  12:57  Ravager x2  
  126  12:58  Ravager  
  125  12:59  Drone  
  122  13:06  Infestor x3  
  126  13:16  Spawning Pool  
  126  13:17  Baneling x3  
  125  13:27  Roach x3  
  125  13:31  Roach  
  125  13:32  Roach  
  134  13:40  Roach x5  
  131  13:42  Roach  
  131  13:44  Overlord, Hatchery  
  122  13:54  Drone x3  
  122  13:55  Drone x4  
  125  14:05  Drone, Ravager  
  125  14:06  Spore Crawler  
  125  14:07  Zergling x4, Ultralisk  
  133  14:16  Zergling x8  
  136  14:24  Hatchery  
  136  14:25  Zergling x4  
  136  14:28  Ultralisk  
  143  14:33  Zergling x2  
  143  14:34  Overlord  
  143  14:43  Ultralisk  
  143  14:44  Zergling x2  
  143  14:45  Zergling x2  
  149  14:47  Hatchery  
  149  14:49  Zergling x2  
  150  14:55  Zergling x2  
  151  15:00  Zergling x4  
  151  15:07  Zergling x2  
  151  15:08  Zergling x2  
  151  15:09  Hatchery  
  151  15:13  Ultralisk  
  156  15:18  Zergling x4  
  145  15:28  Zergling x6  
  145  15:32  Zergling x2  
  142  15:38  Zergling x2  
  142  15:39  Zergling x2  
  142  15:42  Zergling x2  
  125  15:45  Baneling x5  
  122  15:53  Zergling x2  
  122  16:00  Zergling x4  
  109  16:06  Zergling x2  
  106  16:13  Zergling x2  
  106  16:15  Zergling x2  
  80  16:19  Zergling x2  
  80  16:25  Zergling x2  
  77  16:30  Zergling x2  
  77  16:31  Zergling x2  
  78  16:34  Zergling x2  
  78  16:38  Zergling x2  
  80  16:41  Roach  
  80  16:43  Zergling x2  
  81  16:48  Zergling x2  
  81  16:51  Zergling x2  
  81  16:53  Baneling  
  81  16:54  Baneling  
  76  16:55  Zergling x2  
  76  16:59  Roach  
  79  17:02  Baneling x2  
  79  17:05  Zergling x2  
  79  17:06  Zergling x4  
  79  17:08  Zergling x2  
  83  17:09  Zergling x2  
  83  17:16  Ultralisk  
  83  17:18  Zergling x2  
  83  17:19  Zergling x2  
  83  17:20  Zergling x2  
  89  17:25  Zergling x4  
  90  17:30  Zergling x4  
  90  17:36  Zergling x6  
  89  17:38  Zergling x2  
  89  17:41  Zergling x2  
  90  17:44  Zergling x2  
  90  17:45  Baneling  
  90  17:47  Zergling x2  
  91  17:52  Zergling x4  
  91  17:56  Infestor  
  94  17:58  Zergling x2  
  94  18:00  Ravager  
  94  18:01  Zergling x2  
  94  18:03  Zergling x2  
  94  18:04  Zergling x2  
  98  18:06  Baneling x2  
  98  18:08  Zergling x2  
  98  18:10  Zergling x2  
  97  18:14  Infestor x2  
  97  18:17  Zergling x2  
  97  18:19  Zergling x2  
  102  18:21  Baneling x3  
  102  18:23  Zergling x2  
  102  18:25  Zergling x2  
  102  18:26  Zergling x2  
  104  18:28  Zergling x2  
  104  18:32  Zergling x2  
  105  18:34  Zergling x2  
  105  18:39  Zergling x2  
  105  18:41  Drone, Spore Crawler  
  103  18:44  Zergling x2, Roach x2  
  103  18:45  Zergling x2  
  103  18:47  Overseer  
  106  18:53  Zergling x2  
  106  18:54  Zergling x2  
  107  18:56  Extractor  
  107  18:58  Zergling x2  
  99  19:03  Zergling x4  
  101  19:18  Zergling x6  
  101  19:19  Zergling x2  
  101  19:20  Baneling x6  
  101  19:23  Roach  
  107  19:24  Ultralisk x2  
  107  19:27  Zergling x4  
  109  19:34  Zergling x2  
  109  19:35  Zergling x2  
  109  19:37  Baneling x5  
  111  19:38  Zergling x2  
  111  19:44  Roach x3  
  111  19:48  Zergling x4  
  111  19:49  Zergling x2, Baneling x15  
  113  19:53  Extractor  
  113  19:55  Infestor  
  113  19:57  Zergling x2  
  115  20:04  Overlord  
  115  20:06  Drone  
  117  20:07  Drone  
  117  20:08  Extractor  
  117  20:09  Extractor  
  117  20:10  Drone  
  116  20:17  Ultralisk  
  116  20:18  Zergling x2  
  116  20:20  Zergling x2  
  122  20:33  Drone x2  
  122  20:34  Drone  
  122  20:38  Ultralisk  
  122  20:39  Zergling x2  
  122  20:42  Zergling x2  
  128  20:50  Ultralisk  
  128  20:51  Zergling x2  
  128  20:55  Zergling x2  
  134  21:02  Zergling x4  
  133  21:04  Zergling x2  
  133  21:07  Drone  
  133  21:09  Infestor  
  135  21:12  Zergling x4, Infestor  
  135  21:15  Overlord  
  135  21:17  Overseer x3  
  137  21:26  Baneling  
  137  21:28  Zergling x6  
  137  21:32  Zergling x2  
  141  21:33  Zergling x2  
  141  21:37  Zergling x2  
  134  21:51  Ultralisk  
  134  21:52  Zergling x4  
  132  21:57  Zergling x2  
  132  21:58  Zergling x2  
  120  22:03  Zergling x2  
  120  22:05  Zergling x2  
  120  22:06  Infestor  
  124  22:08  Zergling x2  
  118  22:16  Zergling x4  
  118  22:18  Zergling x2  
  111  22:30  Baneling  
  111  22:31  Baneling x7  
  111  22:36  Zergling x2, Roach x2  
  114  22:53  Zergling x12  
  114  23:03  Hatchery  
  106  23:16  Infestation Pit  
  104  23:20  Ultralisk  
  110  23:27  Infestor  
  110  23:30  Baneling x6  
  111  23:34  Roach x2  
  111  23:37  Roach  
  107  24:07  Ultralisk  
  107  24:09  Infestor x2  
  99  24:19  Spawning Pool  
  98  24:32  Infestor x2  
  95  25:07  Zergling x2  
  95  25:08  Zergling x16  
  95  25:13  Zergling x2  
  99  25:25  Zergling x4  
  92  25:33  Zergling x2  
  87  25:51  Zergling x2  
  85  25:59  Zergling x2, Hatchery  
  85  26:02  Zergling x2  
  76  26:19  Zergling x4  
  76  26:22  Zergling x2  
  76  26:23  Infestor  
  79  26:27  Zergling x2  
  79  26:36  Infestor  
  79  26:37  Zergling x2  
  79  26:38  Zergling x2  
  80  26:45  Zergling x2  
  70  27:04  Zergling x2  
Show
View Real Time Build Order
Export as new Build Order

LiquidClem Terran - Winner!

Build Orders: Reaper Expand, Hellion Banshee 

Get SALT Encoding   

  12  0:00  SCV  
  13  0:12  SCV  
  14  0:16  Supply Depot  
  14  0:24  SCV  
  15  0:38  SCV  
  15  0:39  Barracks  
  16  0:43  Refinery  
  16  0:50  SCV  
  17  1:02  SCV  
  18  1:14  SCV  
  19  1:27  Orbital Command, Reaper  
  20  1:38  Command Center  
  20  1:45  Supply Depot  
  20  1:53  SCV  
  21  1:58  Marine  
  22  2:06  SCV  
  23  2:10  Factory  
  23  2:18  SCV  
  23  2:20  Barracks Reactor  
  24  2:30  SCV  
  25  2:37  Command Center  
  25  2:42  SCV  
  26  2:50  Orbital Command  
  26  2:54  SCV  
  27  2:59  Starport  
  27  3:06  SCV  
  27  3:07  Hellion  
  27  3:11  Hellion  
  32  3:17  SCV  
  32  3:18  Refinery, SCV  
  34  3:22  Barracks Tech Lab  
  34  3:29  Hellion, SCV  
  34  3:30  SCV  
  34  3:33  Hellion  
  40  3:41  SCV  
  41  3:42  SCV  
  41  3:45  Banshee  
  45  3:50  Orbital Command, Marine  
  45  3:54  SCV x2  
  48  3:56  Hellion  
  48  3:59  Hellion  
  52  4:03  Cloaking Field  
  52  4:06  SCV  
  52  4:07  SCV  
  54  4:11  Supply Depot, Barracks Tech Lab  
  54  4:16  SCV  
  55  4:18  SCV  
  55  4:19  SCV  
  55  4:23  Barracks  
  57  4:27  Barracks  
  57  4:28  SCV  
  57  4:30  Factory Reactor, Marine  
  59  4:32  SCV  
  59  4:34  Banshee  
  59  4:35  SCV  
  59  4:38  Supply Depot  
  64  4:41  Orbital Command  
  64  4:42  Refinery x2  
  64  4:44  SCV  
  65  4:47  SCV  
  65  4:49  Marine, Engineering Bay  
  67  4:53  Engineering Bay  
  67  4:55  Stimpack  
  67  4:58  SCV  
  67  4:59  SCV  
  69  5:05  Supply Depot  
  69  5:10  SCV  
  69  5:13  Barracks, SCV x2  
  72  5:14  Barracks  
  72  5:16  Marine x2  
  74  5:22  Terran Infantry Armor Level 1, SCV, Terran Infantry Weapons Level 1  
  74  5:25  SCV x2  
  77  5:29  Supply Depot  
  77  5:30  Starport Reactor  
  77  5:31  Marine  
  77  5:34  Marine, SCV  
  81  5:36  Marine  
  81  5:37  SCV x2  
  83  5:43  Supply Depot  
  83  5:44  Marine  
  83  5:46  SCV  
  83  5:49  Armory  
  85  5:50  Marine x2  
  85  5:51  Siege Tank  
  85  5:52  SCV  
  85  5:55  Supply Depot, Marine  
  85  5:56  Marine  
  93  5:59  Supply Depot  
  93  6:01  Barracks Reactor x2  
  93  6:04  Marine  
  93  6:05  SCV x3  
  93  6:08  Marine  
  93  6:10  Medivac  
  100  6:11  Marine  
  100  6:17  Marine x2, SCV, Medivac  
  100  6:18  Supply Depot  
  106  6:19  Supply Depot  
  106  6:21  SCV x2  
  108  6:26  Siege Tank  
  108  6:28  Marine x2  
  108  6:29  SCV  
  108  6:32  Refinery, Supply Depot  
  114  6:33  SCV  
  114  6:35  Marine x2  
  117  6:40  Supply Depot, SCV  
  117  6:41  SCV  
  117  6:45  SCV  
  117  6:46  Refinery, Factory  
  120  6:47  Marine x2  
  120  6:48  Supply Depot, Marine  
  120  6:51  Marine x2  
  125  6:55  Marine  
  125  6:56  Marine  
  125  6:57  Marine  
  125  6:58  Marauder  
  125  7:00  Medivac x2  
  134  7:05  SCV  
  134  7:07  Siege Tank  
  133  7:10  Marine x4  
  133  7:11  Marine  
  133  7:13  Marine  
  133  7:14  Marine  
  140  7:18  Marine  
  140  7:19  Marine  
  142  7:23  Terran Infantry Weapons Level 2  
  142  7:24  Command Center  
  142  7:28  Terran Infantry Armor Level 2, Supply Depot, Marine x2  
  144  7:31  Factory Reactor  
  144  7:32  Marine x2  
  144  7:33  Marine  
  144  7:35  Marine x2  
  141  7:37  Marine x2  
  141  7:38  Supply Depot  
  141  7:41  Terran Vehicle And Ship Armor Level 1  
  141  7:42  Drilling Claws  
  141  7:43  Widow Mine  
  145  7:46  Medivac  
  145  7:48  Supply Depot  
  147  7:52  Marine x2  
  147  7:54  Marine  
  147  7:56  Marauder  
  147  7:57  Supply Depot  
  147  7:58  Marine x4  
  154  7:59  Marine  
  157  8:06  Barracks  
  157  8:07  Widow Mine  
  157  8:08  Barracks  
  157  8:10  Marine  
  160  8:13  Marine  
  160  8:14  Marine  
  160  8:16  Barracks, Widow Mine x2  
  160  8:17  Medivac  
  168  8:26  Medivac  
  166  8:27  Marine x3  
  166  8:28  Marine  
  166  8:29  Marauder  
  166  8:31  Widow Mine  
  166  8:32  Supply Depot, Marine  
  166  8:33  Marine  
  176  8:37  Widow Mine  
  176  8:38  SCV  
  176  8:40  Marine x2  
  176  8:41  SCV  
  182  8:45  Marine, Widow Mine  
  182  8:47  Marine, Medivac  
  188  8:49  Combat Shield  
  188  8:50  Marauder, Marine  
  192  8:56  Medivac, Barracks Tech Lab, Widow Mine  
  192  9:01  Widow Mine  
  190  9:06  Widow Mine  
  191  9:10  Planetary Fortress  
  191  9:11  Marauder, Marine  
  191  9:15  Marauder, Marine x4  
  191  9:16  Barracks Tech Lab  
  79  9:17  Marine, Barracks Tech Lab, Medivac  
  165  9:18  Marine  
  165  9:20  Marine  
  158  9:24  SCV  
  158  9:29  Marine  
  158  9:30  SCV  
  156  9:33  Marauder, Marine x3  
  156  9:35  Marauder, Marine  
  156  9:36  Marine x2  
  156  9:37  Marauder  
  167  9:39  Medivac  
  167  9:40  Widow Mine  
  167  9:43  Marauder, Marine  
  167  9:48  Marine  
  154  9:54  Marauder, Marine x2  
  154  9:56  Marine  
  154  9:57  Marauder, Marine  
  154  9:58  Marauder, Marine  
  144  10:02  SCV  
  144  10:03  Marine  
  139  10:11  Widow Mine  
  122  10:15  Marine x2  
  122  10:20  SCV  
  122  10:21  SCV  
  119  10:22  SCV  
  119  10:25  Orbital Command  
  119  10:26  Liberator  
  119  10:27  SCV, Widow Mine  
  123  10:32  SCV  
  123  10:33  Marine, SCV  
  123  10:34  Marine  
  127  10:36  Marine  
  127  10:37  Marine  
  127  10:40  Marine  
  127  10:42  Marauder  
  128  10:43  Marauder  
  128  10:44  Marauder  
  128  10:45  Widow Mine  
  134  10:50  Factory Reactor, Marine  
  134  10:51  Marauder  
  134  10:56  SCV x2  
  139  10:57  Liberator  
  139  11:03  Marauder  
  136  11:07  Marine  
  136  11:09  Marauder x2, Liberator  
  136  11:11  SCV  
  145  11:15  Widow Mine  
  145  11:17  Marine x2  
  149  11:19  Marauder  
  149  11:21  SCV  
  149  11:24  Marauder, Marine  
  155  11:30  Marauder, Widow Mine  
  159  11:33  Terran Infantry Weapons Level 3  
  159  11:37  SCV x3  
  159  11:39  Marauder  
  164  11:40  Liberator  
  162  11:49  Marine x3, Widow Mine x2  
  162  11:51  Marine x2  
  162  11:52  Marauder, Liberator  
  162  11:53  Marine x2  
  172  11:56  Marine, Widow Mine  
  172  11:58  SCV  
  172  11:59  SCV x2  
  178  12:07  Marauder  
  180  12:17  Marine  
  180  12:21  Marine x4  
  166  12:30  Marine  
  166  12:31  Marine x2  
  166  12:32  Marine x3  
  166  12:33  Marauder, Widow Mine x3  
  166  12:34  Marine  
  165  12:38  Marine x2  
  165  12:42  SCV  
  165  12:43  SCV  
  130  12:46  Marine x2  
  130  12:48  Marauder  
  130  12:49  Marine x2, SCV  
  130  12:50  Marauder  
  130  12:51  Marauder  
  134  12:54  Marauder, Widow Mine  
  134  12:55  Marine  
  138  12:59  SCV  
  138  13:05  SCV  
  140  13:10  Marauder, Marine  
  134  13:17  Marauder  
  136  13:22  Marine  
  136  13:25  Medivac  
  139  13:29  Marine  
  136  13:36  Marauder  
  136  13:38  Marauder, Marine  
  127  13:43  Marauder  
  127  13:46  Marine, Widow Mine  
  121  13:51  Marine x2  
  121  13:55  Marine  
  118  13:57  Marine  
  118  14:00  Marine  
  114  14:05  SCV x3  
  114  14:07  Widow Mine  
  115  14:17  SCV x2  
  116  14:25  Marauder x2, Marine  
  116  14:27  Medivac  
  116  14:28  Marauder, Marine x2  
  127  14:31  Widow Mine  
  127  14:37  Marine  
  129  14:40  Marine  
  129  14:41  Marine  
  129  14:44  Marine x2  
  131  14:53  SCV x2, Widow Mine  
  131  14:55  Marauder, Marine  
  131  14:56  Marauder  
  137  15:00  Marine x2  
  138  15:08  Marauder  
  138  15:10  Marine  
  138  15:12  Marauder  
  138  15:14  Widow Mine  
  138  15:19  Supply Depot  
  138  15:20  Supply Depot  
  138  15:22  Medivac  
  120  15:28  Marauder  
  120  15:29  Marine  
  120  15:34  Marauder  
  121  15:36  Widow Mine  
  121  15:38  Marauder  
  121  15:39  Marine  
  121  15:47  Marauder  
  122  15:56  Marine x2  
  124  15:57  Widow Mine  
  124  16:03  Orbital Command  
  111  16:06  Marauder  
  92  16:14  Marauder  
  92  16:15  Marine  
  92  16:17  Marine  
  86  16:18  Widow Mine  
  86  16:23  Marauder, Marine x2  
  79  16:25  Marine  
  79  16:32  Marine  
  78  16:43  Marauder  
  80  16:47  Marine x2  
  80  16:50  Marine  
  80  16:52  Marine  
  80  16:53  Marine  
  85  16:58  Marine  
  85  17:01  Marine  
  86  17:03  Widow Mine  
  86  17:06  Marine  
  90  17:09  Marine  
  90  17:11  Marine x2  
  93  17:20  Marauder, Orbital Command  
  93  17:25  Widow Mine  
  95  17:32  Marine x2  
  95  17:33  Marine  
  95  17:36  Marine x2  
  89  17:39  Marine  
  89  17:40  Marine x3  
  89  17:41  Marine  
  90  17:47  SCV x2  
  92  17:54  SCV  
  92  17:55  Marine x2  
  92  17:56  Marine  
  96  18:01  SCV  
  97  18:14  Marine x2  
  97  18:15  Marine  
  100  18:21  SCV x2  
  100  18:22  SCV  
  100  18:23  Marine x2  
  104  18:29  Marine x2  
  104  18:35  Marauder  
  104  18:36  Marine  
  102  18:43  Marauder  
  100  19:01  Marauder  
  96  19:07  Marine  
  96  19:08  Marauder  
  93  19:14  Marauder  
  95  19:17  Medivac  
  95  19:22  Medivac  
  99  19:27  Marauder  
  99  19:29  Marauder  
  103  19:34  Widow Mine  
  107  19:38  Marauder  
  107  19:43  Marauder, Marine  
  109  19:49  Marauder  
  109  19:52  Marine  
  112  19:53  Medivac  
  112  19:54  Marine  
  112  19:58  Marauder  
  117  20:01  SCV x2  
  117  20:04  Medivac  
  121  20:08  SCV  
  121  20:11  Marauder  
  124  20:16  Marauder  
  124  20:19  Marine  
  124  20:29  Medivac  
  124  20:30  Marauder  
  128  20:38  Marine  
  128  20:39  Widow Mine  
  131  20:43  SCV x2  
  131  20:44  Refinery x2  
  133  20:52  Marine x2, SCV  
  133  20:55  Marine x2  
  133  21:00  Marine  
  133  21:03  Marine  
  129  21:09  Terran Infantry Armor Level 3  
  128  21:18  Marauder  
  128  21:19  Marauder  
  128  21:23  Marauder  
  132  21:27  Widow Mine  
  132  21:28  Marine  
  135  21:33  Marine  
  135  21:34  Orbital Command  
  136  21:41  Marauder  
  136  21:43  Marauder  
  137  21:47  Marauder  
  137  21:51  Marine x2  
  104  21:54  Marine  
  104  21:58  Orbital Command  
  104  21:59  Medivac  
  105  22:04  Marauder  
  91  22:15  Marauder  
  91  22:17  Marauder  
  91  22:25  Marine  
  92  22:38  Medivac  
  94  22:47  Widow Mine  
  96  22:53  Marauder  
  92  23:11  Marauder  
  92  23:13  Marauder  
  94  23:22  Medivac  
  94  23:26  Marine  
  97  23:27  Marine  
  97  23:33  Marine  
  98  23:35  Medivac  
  98  23:36  Marine  
  101  23:44  Marine  
  101  23:45  Widow Mine  
  102  23:52  Medivac  
  104  23:56  Marauder  
  106  24:04  Marauder  
  106  24:09  Orbital Command  
  86  24:12  Marauder  
  86  24:16  Marauder  
  90  24:21  Marine  
  91  24:30  Marauder  
  93  24:31  Marine  
  93  24:36  Marine  
  95  24:40  Marine  
  96  24:48  Widow Mine  
  96  24:50  Marine  
  99  24:56  Medivac  
  99  24:57  Marine  
  98  25:07  Marauder  
  98  25:10  Marauder  
  98  25:11  Marine  
  103  25:16  Marine  
  104  25:28  Marauder x2  
  95  25:29  Marine  
  94  25:37  Marine x2  
  94  25:41  Marine  
  97  25:49  SCV x3  
  100  25:58  Medivac  
  100  26:01  SCV  
  102  26:15  Marauder  
  104  26:24  Marauder  
  106  26:28  Marine  
  106  26:29  Marauder  
  108  26:40  Medivac  
  108  26:45  Marauder  
  112  26:50  Marine  
  113  26:55  Marine  
  113  26:56  Marine  
  115  27:06  Marauder  
Tags
 
Add a new tag
Caveats
  • Supply blocks, unpowered buildings, or Contaminate may cause inaccurate times.
  • Supply counts are checked every 10 seconds.